 Dungeon Crawl Stone Soup version 0.14.1-26-g5a19342 (webtiles) character file.

4519 Kae the Bludgeoner (level 10, -1/91 HPs)
             Began as a Minotaur Fighter on July 20, 2014.
             Was a Priest of Okawaru.
             Slain by an orc warrior
             ... wielding a +2,+2 short sword
              (19 damage)
             ... on Level 8 of the Dungeon.
             The game lasted 00:14:46 (8903 turns).

Kae the Bludgeoner (Minotaur Fighter)               Turns: 8903, Time: 00:14:47

HP  -1/91        AC  7     Str 23      XL: 10   Next:  8%
MP   4/4         EV  7     Int  7      God: Okawaru [***...]
Gold 324         SH 18     Dex  9      Spells:  0 memorised,  9 levels left

rFire  + . .     SeeInvis .     k - +4,+1 whip (freeze)
rCold  . . .     Clarity  .     b - -1 scale mail
rNeg   . . .     Conserve .     c - -1 shield
rPois  .         rCorr    .     (helmet restricted)
rElec  .         rRot     .     u - +0 cloak
SustAb + .       Spirit   .     (no gloves)
rMut   .         Warding  .     (no boots)
Saprov . . .     Stasis   .     D - amulet of faith
MR     .....                    y - cursed ring of protection from fire
                                f - ring of sustain abilities

@: not resistant to hostile enchantments, extremely unstealthy
A: retaliatory headbutt, horns 2
a: Heroism, Renounce Religion


You were on level 8 of the Dungeon.
You worshipped Okawaru.
Okawaru was most pleased with you.
You were not hungry.

You visited 2 branches of the dungeon, and saw 9 of its levels.

You collected 324 gold pieces.

Inventory:

Hand weapons
 a - a +0,-1 flail
 k - a +4,+1 whip of freezing (weapon)
Missiles
 B - 5 tomahawks of returning (quivered)
Armour
 b - a -1 scale mail (worn)
 c - a -1 shield (worn)
 u - a +0 cloak (worn)
Magical devices
 e - a wand of cold (0)
 g - a wand of frost (9)
 r - a wand of polymorph (8)
 C - a wand of random effects (14) {unknown}
 G - a wand of lightning (10)
 I - a wand of frost (13)
Comestibles
 d - 3 bread rations
 j - 2 chokos
 v - a honeycomb
 x - 2 pears
 F - a meat ration
 L - a chunk of crocodile flesh
Scrolls
 h - 7 scrolls of remove curse
 i - 2 scrolls of teleportation
 m - 2 scrolls of identify
 n - a scroll of blinking
 t - a scroll of noise {unknown}
 H - 2 scrolls of fog
 J - a scroll of random uselessness
 K - a scroll of enchant weapon I {unknown}
Jewellery
 f - a ring of sustain abilities (left hand)
 o - an uncursed ring of teleportation
 p - an uncursed ring of magical power
 y - a cursed ring of protection from fire (right hand)
 D - an amulet of faith (around neck)
 E - an uncursed ring of fire
Potions
 l - 3 potions of curing
 q - a potion of flight
 s - 2 potions of degeneration
 w - 2 potions of heal wounds
 z - a potion of magic {unknown}
 A - a potion of haste {unknown}


   Skills:
 - Level 9.2 Fighting
 + Level 16.9 Maces & Flails
 - Level 3.6 Armour
 - Level 3.6 Shields


You had 9 spell levels left.
You didn't know any spells.

Dungeon Overview and Level Annotations

Branches:
Dungeon (8/15)             Temple (1/1) D:5
   Lair: D:8-11

Altars:
Ashenzari
Cheibriados
Dithmenos
Elyvilon
Fedhas
Kikubaaqudgha
Makhleb
Nemelex Xobeh
Okawaru
Sif Muna
Trog
Vehumet
Xom
Yredelemnul
Zin
The Shining One


Innate Abilities, Weirdness & Mutations

You reflexively headbutt those who attack you in melee.
You have a pair of horns on your head.


Message History

The orc is almost dead.
The orc warrior hits you with a short sword!
* * * LOW HITPOINT WARNING * * *
The orc hits you but does no damage.
Drink which item? (? for menu, Esc to quit)
You feel much better. The orc barely misses you. You furiously retaliate!
You headbutt the orc.
The orc warrior hits you with a short sword!
You block the orc's attack.
You hit the orc. You freeze the orc.
You kill the orc!
Okawaru accepts your kill.
You barely miss the orc.
The orc is moderately wounded.
The orc warrior hits you with a short sword!
* * * LOW HITPOINT WARNING * * *
You block the orc's attack.
You hit the orc but do no damage.
The orc warrior hits you with a short sword!
You die...

..#......>......##
..................#
..................#
..................#
...................#
..................##
..................#
.........o)o...#.#
........##@..#####
#?......###..##
.##....##....#
#..#####....# ##
##...# #####


You could see an orc warrior and an orc.

Vanquished Creatures
  Pikel (D:5)
  The ghost of Kae the Cudgeler, an average MiFi (D:4)
  A sky beast (D:6)
  2 phantoms (D:4)
  An ice beast (D:6)
  4 slaves
  4 ogres
  4 giant goldfish (D:6)
  2 centaurs (D:7)
  A crocodile (D:8)
  2 big kobolds (D:7)
  3 giant frogs
  2 scorpions
  3 wights (D:6)
  An electric eel (D:6)
  2 crimson imps
  A goliath beetle (D:6)
  2 centaur zombies
  3 big fish (D:6)
  7 orc wizards
  A jelly (D:5)
  Crazy Yiuf (D:5)
  3 orc priests
  A quasit (D:5)
  3 worker ants
  Ijyb (D:3)
  A big kobold skeleton (D:5)
  7 adders
  6 gnolls (D:6)
  2 shadow imps
  2 worms
  5 giant geckos
  2 oozes
  16 orcs
  A ball python (D:1)
  4 giant cockroaches
  12 hobgoblins
  14 kobolds
  2 quokkas (D:3)
  11 bats
  7 giant newts
  6 goblins
  2 jackals (D:8)
  A quokka zombie (D:6)
  13 rats
171 creatures vanquished.

Vanquished Creatures (others)
  An orc skeleton (D:5)
1 creature vanquished.

Grand Total: 172 creatures vanquished

Notes
Turn   | Place    | Note
--------------------------------------------------------------
     0 | D:1      | Kae, the Minotaur Fighter, began the quest for the Orb.
     0 | D:1      | Reached XP level 1. HP: 19/19 MP: 1/1
   117 | D:1      | Reached XP level 2. HP: 26/26 MP: 1/1
   638 | D:2      | Reached skill level 4 in Maces & Flails
   638 | D:2      | Reached XP level 3. HP: 27/31 MP: 2/2
   746 | D:2      | Found a white marble altar of Elyvilon.
  1208 | D:3      | Noticed Ijyb
  1233 | D:3      | Killed Ijyb
  1233 | D:3      | Reached skill level 5 in Maces & Flails
  1609 | D:3      | Reached XP level 4. HP: 32/39 MP: 2/2
  1670 | D:3      | Reached skill level 6 in Maces & Flails
  2074 | D:3      | Reached XP level 5. HP: 31/45 MP: 2/2
  2318 | D:4      | Noticed Kae's ghost (average MiFi)
  2340 | D:4      | Killed Kae's ghost
  2340 | D:4      | Reached skill level 8 in Maces & Flails
  2340 | D:4      | Reached XP level 6. HP: 21/51 MP: 3/3
  2837 | D:4      | Noticed a phantom
  2882 | D:4      | Killed a phantom
  2952 | D:4      | Noticed a phantom
  3045 | D:4      | Killed a phantom
  3045 | D:4      | Reached skill level 9 in Maces & Flails
  3045 | D:4      | Reached XP level 7. HP: 49/57 MP: 3/3
  3452 | D:5      | Entered Level 5 of the Dungeon
  3461 | D:5      | Found a bloodstained altar of Trog.
  3561 | D:5      | Reached skill level 10 in Maces & Flails
  3860 | D:5      | Noticed Pikel
  4569 | D:4      | Reached skill level 14 in Maces & Flails
  4569 | D:4      | Reached XP level 8. HP: 63/78 MP: 3/3
  4834 | D:5      | Found a staircase to the Ecumenical Temple.
  4840 | Temple   | Entered the Ecumenical Temple
  5005 | Temple   | Became a worshipper of Warmaster Okawaru
  5347 | D:5      | Killed Pikel
  5347 | D:5      | Reached skill level 15 in Maces & Flails
  5347 | D:5      | Reached XP level 9. HP: 36/83 MP: 4/4
  5548 | D:5      | Noticed Crazy Yiuf
  5550 | D:5      | Killed Crazy Yiuf
  5784 | D:5      | Acquired Okawaru's first power
  6447 | D:6      | Reached skill level 16 in Maces & Flails
  8337 | D:7      | Found a sparkling altar of Nemelex Xobeh.
  8410 | D:7      | Reached XP level 10. HP: 89/91 MP: 4/4
  8604 | D:7      | Found a shadowy altar of Dithmenos.
  8903 | D:8      | Slain by an orc warrior

Action                   |  1- 3 |  4- 6 |  7- 9 | 10-12 || total
-------------------------+-------+-------+-------+-------++-------
Melee: Flail             |    12 |       |     2 |       ||    14
       Whip              |   100 |   132 |   440 |    45 ||   717
Evoke: Wand              |       |       |     3 |       ||     3
  Use: Potion            |     1 |     1 |     7 |     1 ||    10
       Scroll            |       |     9 |     7 |       ||    16
